 Dungeon Crawl Stone Soup version 0.27-a0-1181-g5f64966fcc (webtiles) character file.

Game seed: 6124576248110123558

63 voltaire321 the Chopper (level 3, -1/31 HPs)
             Began as a Minotaur Gladiator on May 18, 2021.
             Slain by an iguana (13 damage)
             ... on level 3 of the Dungeon.
             The game lasted 00:03:36 (2004 turns).

voltaire321 the Chopper (Minotaur Gladiator)        Turns: 2004, Time: 00:03:36

Health: -1/31      AC:  3    Str: 18    XL:     3   Next: 87%
Magic:  2/2        EV:  9    Int:  6    God:
Gold:   72         SH:  7    Dex: 11    Spells: 2/2 levels left

rFire    . . .     SeeInvis .   a - +1 war axe
rCold    . . .     Faith    .   k - +0 kite shield
rNeg     . . .     Spirit   .   b - +0 leather armour
rPois    .         Reflect  .   c - +0 hat
rElec    .         Harm     .   (no cloak)
rCorr    .         Rampage  .   (no gloves)
Will     .....                  (no boots)
Stlth    +.........             (no amulet)
HPRegen  0.10/turn              (no ring)
MPRegen  0.08/turn              (no ring)

@: no status effects
A: horns 2, retaliatory headbutt
a: no special abilities


You were on level 3 of the Dungeon.
You visited 1 branch of the dungeon, and saw 3 of its levels.

You collected 72 gold pieces.

Inventory:

Hand Weapons
 a - a +1 war axe (weapon)
Missiles
 d - 3 throwing nets
 j - 11 poisoned darts (quivered)
Armour
 b - a +0 leather armour (worn)
 c - a +0 hat (worn)
 k - a +0 kite shield (worn)
Jewellery
 f - a ring of willpower
 h - a ring of willpower
Scrolls
 e - 3 scrolls of identify
Potions
 l - a potion of might


   Skills:
 + Level 3.1 Fighting
 + Level 4.2 Axes
 + Level 2.5 Throwing
 + Level 1.7 Armour
 + Level 3.8 Dodging


You had 2 spell levels left.
You didn't know any spells.
Your spell library contained the following spells:

 Spells                   Type           Power      Damage    Failure   Level
 Summon Small Mammal      Summ           0%         N/A       99%         1
 Call Imp                 Summ           0%         N/A       99%         2
 Call Canine Familiar     Summ           0%         N/A       100%        3
 Summon Guardian Golem    Hex/Summ       0%         N/A       100%        3
 Summon Ice Beast         Ice/Summ       0%         N/A       100%        4
 Summon Lightning Spire   Summ/Air       0%         N/A       100%        4


Dungeon Overview and Level Annotations

Branches:
Dungeon (3/15)

Altars:
Wu Jian


Innate Abilities, Weirdness & Mutations

You have a pair of horns on your head.
You reflexively headbutt those who attack you in melee.


Message History

Aim: a hobgoblin (57% to hit)
You throw a poisoned dart.
The poisoned dart completely misses the hobgoblin.
You slash the hobgoblin!
You kill the hobgoblin!
You see here a hobgoblin corpse.
j - 7 poisoned darts (gained 1)
Things that are here:
a +0 short sword; 4 stones
j - 9 poisoned darts (gained 2)
j - 10 poisoned darts (gained 1)
j - 11 poisoned darts (gained 1)
Found a stone staircase leading down.
A quokka comes into view.
You closely miss the quokka. The quokka barely misses you.
The quokka closely misses you.
You hit the quokka.
The quokka is heavily wounded.
You block the quokka's attack. The quokka closely misses you.
You slash the quokka!
You kill the quokka!
There is a stone staircase leading down here.
The iguana hisses angrily.
An iguana is nearby!
The iguana hisses menacingly.
The iguana barely misses you.
You closely miss the iguana. You headbutt the iguana.
The iguana is lightly wounded.
The iguana barely misses you.
You hit the iguana but do no damage.
The iguana is lightly wounded.
You block the iguana's attack. The iguana bites you.
You closely miss the iguana.
The iguana is lightly wounded.
The iguana bites you!
You closely miss the iguana.
You headbutt the iguana, but do no damage.
The iguana is lightly wounded.
The iguana bites you!
You die...

.............>####
.......####....#
#....+....##.#
#....#######.#
#............#
.####...#########
...........#
...........#
.......@...#
.......l...#
.........###
.........#
.........#
.........#
.........#
.........#


You could see an iguana.

Vanquished Creatures
  An adder (D:2)
  4 worms (D:2)
  A dart slug (D:2)
  A bat (D:1)
  An endoplasm (D:1)
  3 giant cockroaches (D:1)
  5 hobgoblins
  4 jackals (D:2)
  3 quokkas
  3 ball pythons (D:2)
  2 frilled lizards
  5 kobolds
  6 rats
39 creatures vanquished.

Notes
Turn   | Place    | Note
-------+----------+-------------------------------------------
     0 | D:1      | voltaire321 the Minotaur Gladiator began the quest for the
                  | Orb.
     0 | D:1      | Reached XP level 1. HP: 18/18 MP: 0/0
   285 | D:1      | Reached XP level 2. HP: 25/25 MP: 1/1
   494 | D:1      | Reached skill level 1 in Armour
   945 | D:2      | Reached skill level 4 in Axes
   945 | D:2      | Reached XP level 3. HP: 30/30 MP: 2/2
  1150 | D:2      | Found an ornate altar of the Wu Jian Council.
  2004 | D:3      | Slain by an iguana

Illustrated notes

Levels and vault maps discovered:
D:1:      scummos_arrival_star, layout_loops_cross, minmay_tall_x
D:2:      layout_rooms, basic_altar, corexii_corridor_pit,
          kennysheep_flooded_box, nrook_campfire
D:3:      minmay_diamond_boxcup, layout_basic, small_statue_intersection,
          uniq_ijyb

Skill      XL: |  1  2  3 |
---------------+----------+-----
Armour         | 1 |  1.7
Axes           | 4 |  4.2
Fighting       | 3 |  3.1
Throwing       | |  2.5
Dodging        | |  3.8

Action                   || total
-------------------------++-------
Melee: War axe           ||    77
       Headbutt          ||    11
Throw: Dart              ||     5
  Use: Scroll            ||     4
Armor: Leather armour    ||    14
Dodge: Dodged            ||    45
Block: Kite shield       ||    29

Table legend: (Time is in decaauts)
 A = Elapsed time spent in this place.
 B = Non-inter-level travel time spent in this place.
 C = Inter-level travel time spent in this place.
 D = Time resting spent in this place.
 E = Time spent auto-exploring this place.
 F = Levels seen in this place.
 G = Mean time per level.
                   A        B        C        D        E       F      G
               +--------+--------+--------+--------+--------+-----+--------+
         Total |   2045 |   1988 |     57 |    371 |   1281 |   3 |  681.7 |
       Dungeon |   2045 |   1988 |     57 |    371 |   1281 |   3 |  681.7 |
               +--------+--------+--------+--------+--------+-----+--------+

Top non-repeatable levels by time:
     D:2: 1157 daAuts
     D:1: 710 daAuts
     D:3: 177 daAuts
